 Dungeon Crawl Stone Soup version 0.28.0-53-g5a82cb258f (webtiles) character file.

Game seed: 9682102301565796537

292 Plasmagod the Ruffian (level 6, -19/48 HPs)
             Began as a Draconian Transmuter on July 12, 2022.
             Demolished by an ogre
             ... wielding a +0 giant club
              (27 damage)
             ... on level 4 of the Dungeon.
             The game lasted 00:16:24 (2674 turns).

Plasmagod the Ruffian (Draconian Transmuter)        Turns: 2674, Time: 00:16:25

Health: -19/48     AC:  8    Str: 12    XL:     6   Next: 10%
Magic:  10/10      EV: 12    Int: 16    God:
Gold:   120        SH:  0    Dex: 11    Spells: 7/10 levels left

rFire   . . .      SeeInvis .     - Unarmed
rCold   . . .      Faith    .   (no shield)
rNeg    . . .      Spirit   .   (armour unavailable)
rPois   .          Reflect  .   (helmet restricted)
rElec   .          Harm     .   (no cloak)
rCorr   .          Rampage  .   a - +0 pair of gloves
Will    .....                   c - +0 pair of boots
Stlth   ++........              (no amulet)
HPRegen 0.16/turn               (no ring)
MPRegen 0.12/turn               (no ring)

@: no status effects
A: AC +6, unfitting armour, cold-blooded
a: no special abilities


You were on level 4 of the Dungeon.
You visited 1 branch of the dungeon, and saw 4 of its levels.
You also visited: Ossuary.

You collected 120 gold pieces.

Inventory:

Missiles
 e - 58 stones
 g - 8 poisoned darts (quivered)
Armour
 a - a +0 pair of gloves (worn)
 c - a +0 pair of boots (worn)
Wands
 k - a wand of flame (7)
Scrolls
 b - a scroll of amnesia {unknown}
 d - a scroll of brand weapon {unknown}
 f - 2 scrolls of teleportation {unknown}
 h - 2 scrolls of immolation
 n - 2 scrolls of fog {unknown}
 t - a scroll of magic mapping {unknown}
 u - a scroll of acquirement {unknown}
Potions
 i - a potion of curing {unknown}
 j - 2 potions of resistance {unknown}
 l - a potion of might {unknown}
 m - a potion of haste {unknown}
 o - a potion of invisibility {unknown}
 p - a potion of brilliance {unknown}
 q - 2 potions of attraction {unknown}
 r - 2 potions of magic {unknown}
 s - a potion of cancellation {unknown}


   Skills:
 + Level 1.9 Fighting
 + Level 0.2 Throwing
 + Level 2.5 Dodging
 + Level 1.2 Stealth
 * Level 5.5 Unarmed Combat
 + Level 2.7 Spellcasting
 * Level 2.3 Transmutations
 + Level 0.1 Evocations


You had 7 spell levels left.
You knew the following spells:

 Your Spells              Type           Power      Damage    Failure   Level
a - Beastly Appendage     Tmut           18%        N/A       8%          1
b - Wereblood             Tmut           9%         N/A       11%         2

Your spell library contained the following spells:

 Spells                   Type           Power      Damage    Failure   Level
 Spider Form              Tmut/Pois      5%         N/A       34%         3
 Ice Form                 Ice/Tmut       5%         N/A       75%         4


Dungeon Overview and Level Annotations

Branches:
Dungeon (4/15)            Ossuary (visited)
 Temple: D:4-7

Altars:
Elyvilon
Hepliaklqana
Yredelemnul

Shops:
D:2 [


Innate Abilities, Weirdness & Mutations

Your plain brown scales are hard. (AC +6)
You cannot fit into any form of body armour.
You are cold-blooded and may be slowed by cold attacks.


Message History

The hound bites you.
You hit the hound.
You kill the hound!
You have reached level 6!
Your scales feel tougher.
An ogre comes into view. It is wielding a +0 giant club.
You see here 5 gold pieces.
You now have 120 gold pieces (gained 5).
Your transformation is almost over.
Okay, then.
You barely miss the ogre. The ogre completely misses you.
You barely miss the ogre. You hit the ogre. Your headbutt misses the ogre.
The ogre is lightly wounded.
The ogre hits you with a +0 giant club.
You hit the ogre.
You headbutt the ogre, but do no damage.
The ogre is moderately wounded.
The ogre barely misses you.
You hit the ogre. Your kick misses the ogre.
The ogre is heavily wounded.
Your horns disappear.
Your talons disappear.
Your +0 pair of boots unmelds from your body.
You hit the ogre. You tail-slap the ogre.
The ogre is severely wounded.
The ogre hits you with a +0 giant club!
You hit the ogre but do no damage.
The ogre is severely wounded.
The ogre hits you with a +0 giant club.
You hit the ogre.
The ogre is severely wounded.
You hit the ogre.
The ogre is almost dead.
The ogre hits you with a +0 giant club!
* * * LOW HITPOINT WARNING * * *
You hit the ogre.
The ogre is almost dead.
The ogre hits you with a +0 giant club!!
Ouch! That really hurt!
You die...

#.......# #.......#
#.......# #.......# ..
#.......# ... #......
.... #... #..O###+#....
.......#..@#.....#
.......#...#.....#
......?#...'..[..#
......#...#.....#
......#####.....#+#
##+#######...............
#....#...#...............
#....#...#...............
#....+...#...............


You could see an ogre.

Vanquished Creatures
  3 centaur zombies (Ossuary)
  A hound (D:4)
  Ijyb (D:3)
  5 mummies (Ossuary)
  3 adders
  A worm zombie (D:4)
  9 bats
  2 endoplasms
  A giant cockroach (D:2)
  6 hobgoblins
  3 kobolds
  2 quokkas
  3 ball pythons (D:1)
  4 frilled lizards (D:1)
  A goblin zombie (Ossuary)
  A hobgoblin zombie (Ossuary)
  4 orc zombies
  6 rats
56 creatures vanquished.

Notes
Turn   | Place    | Note
-------+----------+-------------------------------------------
     0 | D:1      | Plasmagod the Draconian Transmuter began the quest for the
                  | Orb.
     0 | D:1      | Reached XP level 1. HP: 16/16 MP: 3/3
   461 | D:1      | Reached XP level 2. HP: 23/23 MP: 5/5
  1111 | D:2      | Found Baugip's Antique Armour Shoppe.
  1310 | D:2      | Reached XP level 3. HP: 23/28 MP: 4/6
  1507 | D:3      | Found a hazy altar of Hepliaklqana.
  1525 | D:3      | Found a faded altar of an unknown god.
  1534 | D:3      | Found a basalt altar of Yredelemnul.
  1687 | D:3      | Noticed Ijyb
  1700 | D:3      | Killed Ijyb
  1701 | D:3      | Reached XP level 4. HP: 27/35 MP: 7/7
  1708 | D:3      | Reached skill level 1 in Stealth
  1996 | D:4      | Reached skill level 4 in Unarmed Combat
  2177 | D:4      | Found a white marble altar of Elyvilon.
  2215 | D:4      | Found a sand-covered staircase.
  2229 | Ossuary  | Entered an ossuary
  2233 | Ossuary  | Learned a level 2 spell: Wereblood
  2292 | Ossuary  | Reached XP level 5. HP: 35/40 MP: 6/8
  2349 | Ossuary  | Reached skill level 5 in Unarmed Combat
  2657 | D:4      | Reached XP level 6. HP: 39/48 MP: 8/10
  2674 | D:4      | Demolished by an ogre

Illustrated notes

Levels and vault maps discovered:
D:1:      onia_arrival_mini_spirals, layout_loops_ring, chequers_garden
D:2:      layout_rooms, serial_glass, glass_columns_b, glass_columns_a,
          glass_columns_b, feat_on_display, feat_on_display,
          minmay_strange_pillars, serial_shops, shop
D:3:      layout_rooms, old_standard_altar, nzn_hepliaklqana_mist_gate,
          ebering_ecumenical_altar_sacrificial, uniq_ijyb
D:4:      layout_gridville, elyvilon_altar_3, enter_ossuary_3, uniq_natasha,
          uniq_pikel

Skill      XL: |  1  2  3  4  5 |
---------------+----------------+-----
Dodging        | 2 |  2.5
Stealth        | 1 |  1.2
Unarmed Combat | 4 5 |  5.5
Fighting       | |  1.9
Throwing       | |  0.2
Spellcasting   | |  2.7
Transmutations | |  2.3
Evocations     | |  0.1

Action                   |  1- 3 |  4- 6 || total
-------------------------+-------+-------++-------
Melee: Unarmed           |   104 |    98 ||   202
       Headbutt          |     4 |    12 ||    16
       Tailslap          |     8 |    15 ||    23
       Kick              |     5 |    26 ||    31
       Punch             |     1 |     3 ||     4
Throw: Dart              |     5 |     1 ||     6
 Cast: Beastly Appendage |     9 |    11 ||    20
       Wereblood         |       |     1 ||     1
Evoke: Wand              |       |     5 ||     5
 Stab: Sleeping          |     2 |     1 ||     3
Armor: Skin              |    36 |    38 ||    74
Dodge: Dodged            |    71 |    44 ||   115
